 Dungeon Crawl Stone Soup version 0.30.0-29-ga12c61a403 (webtiles) character file.

Game seed: 11239544539628772248

165 Dadbod the Shield-Bearer (level 5, -1/42 HPs)
             Began as a Formicid Fighter on June 11, 2023.
             Slain by an ogre
             ... wielding a +0 giant spiked club
              (15 damage)
             ... on level 4 of the Dungeon.
             The game lasted 00:05:46 (2302 turns).

Dadbod the Shield-Bearer (Formicid Fighter)         Turns: 2302, Time: 00:05:47

Health: -1/42      AC:  7    Str: 27    XL:     5   Next: 75%
Magic:  5/5        EV:  9    Int:  6    God:
Gold:   114        SH:  5    Dex: 12    Spells: 4/4 levels left

rFire   . . .        a - +1 war axe
rCold   + . .        c - +0 buckler
rNeg    . . .        b - +0 scale mail
rPois   .            (helmet unavailable)
rElec   .            (no cloak)
rCorr   .            (no gloves)
SInv    +            (no boots)
Will    .....        (no amulet) Stlth
                     (no ring)
HPRegen 0.27/turn    (no ring)
MPRegen 0.09/turn

%: no passive effects
@: no status effects
A: permanent stasis, dig shafts and tunnels, antennae 3, four strong arms, cold
resistance 1, strong 1
a: Dig, Shaft Self


You were on level 4 of the Dungeon.
You visited 1 branch of the dungeon, and saw 4 of its levels.

You collected 114 gold pieces.

Inventory:

Hand Weapons
 a - a +1 war axe (weapon)
Missiles
 e - 4 boomerangs
 f - 6 javelins
 m - 4 atropa-tipped darts (quivered)
Armour
 b - a +0 scale mail (worn)
 c - a +0 buckler (worn)
Potions
 d - a potion of might
 g - 2 potions of curing
 h - 2 potions of heal wounds
 i - a potion of berserk rage {unknown}
 j - a potion of lignification {unknown}
 k - a potion of mutation


   Skills:
 + Level 4.1 Fighting
 * Level 4.0 Axes
 + Level 3.9 Armour
 + Level 0.2 Dodging
 + Level 4.7 Shields


You had 4 spell levels left.
You didn't know any spells.
Your spell library contained the following spells:

 Spells                   Type           Power      Damage    Failure   Level
 Sting                    Tmut/Pois      0%         1d3       77%         1
 Lesser Beckoning         Tloc           0%         N/A       88%         2
 Poisonous Vapours        Pois/Air       0%         N/A       88%         2
 Dazzling Flash           Conj/Hex       0%         N/A       98%         3
 Gell's Gravitas          Tloc           0%         N/A       98%         3
 Ozocubu's Armour         Ice            0%         N/A       98%         3
 Teleport Other           Tloc           0%         N/A       98%         3
 Volatile Blastmotes      Fire/Tloc      0%         2d10      98%         3
 Iskenderun's Mystic Bla  Conj/Tloc      0%         2d3       100%        4
 Olgreb's Toxic Radiance  Pois           0%         N/A       100%        4
 Metabolic Englaciation   Hex/Ice        0%         N/A       100%        5
 Simulacrum               Ice/Necr       0%         N/A       100%        6
 Starburst                Conj/Fire      0%         6d3       100%        6


Dungeon Overview and Level Annotations

Branches:
Dungeon (4/15)
 Temple: D:4-7

Altars:

Shops:
D:2 [   D:4 ?

Annotations:
D:4 3 runed translucent doors, Taurus's ghost, amateur MiFi; epsilonplus's ghost, amateur FeTm; epsilonplus's ghost, amateur TeHu; safid's ghost, amateur MfIE


Innate Abilities, Weirdness & Mutations

You cannot be hasted, slowed, berserked, paralysed or teleported.
You can dig through walls and to a lower floor.
You have a pair of large antennae on your head. (SInv)
Your four strong arms can wield two-handed weapons with a shield.
Your flesh is cold resistant. (rC+)
Your muscles are strong. (Str +4, Int/Dex -1)


Message History

It is a scroll of enchant weapon.
Your +0 war axe glows red for a moment.
There is a stone staircase leading up here.
You sense a monster nearby.
Epsilonplus's ghost turns its malevolent gaze towards you. x2
Found 7 stones.
Taurus's ghost turns its malevolent gaze towards you.
Safid's ghost turns its malevolent gaze towards you.
Found 18 gold pieces.
Found a stone staircase leading down.
An ogre comes into view. It is wielding a +0 giant spiked club.
The ogre shouts!
Epsilonplus's ghost wails, "There is no future for me!"
You see here a scroll labelled CUETED CENIET.
Throw: 6 darts (atropa)
Press: ? - help, Q - select action, (/) - cycle Shift-Dir - straight line, f - ogre
Aim: an ogre, wielding a +0 giant spiked club (74% to hit, chance to blind on hit: 27%)
You throw an atropa-tipped dart.
The atropa-tipped dart barely misses the ogre.
Throw: 5 darts (atropa)
Press: ? - help, Q - select action, (/) - cycle Shift-Dir - straight line, f/p - ogre
Aim: an ogre, wielding a +0 giant spiked club (74% to hit, chance to blind on hit: 27%)
You throw an atropa-tipped dart. The atropa-tipped dart hits the ogre.
The ogre appears confused.
The ogre seems less confused.
The ogre barely misses you.
You closely miss the ogre. You block the ogre's attack.
You hit the ogre.
The ogre is lightly wounded.
The ogre closely misses you.
You hit the ogre.
The ogre is moderately wounded.
The ogre is no longer blind.
The ogre barely misses you.
You barely miss the ogre.
The ogre is moderately wounded.
The ogre hits you with a +0 giant spiked club!!
Ouch! That really hurt!
You barely miss the ogre.
The ogre is moderately wounded.
The ogre hits you with a +0 giant spiked club!
You die...

##. ##...## .....#
#....## #.>... #
#..#.# #####
##.##....##!8($#
......#...#....8
#.....O@.#W....
###.##...+W....
#.##...+W....
#.##...+W....
#######.##...#.....
#............#....8
#.###...##..##.8.$#
#.# #.####...######
#.###.#####.##


You could see an ogre, Taurus's ghost, 2 ghosts called epsilonplus and safid's
ghost.

Vanquished Creatures
  An orc priest (D:3)
  A sleepcap (D:4)
  An orc wizard (D:3)
  4 adders
  A worm (D:2)
  2 dart slugs
  2 orcs (D:3)
  5 bats
  3 endoplasms
  2 giant cockroaches (D:2)
  4 goblins
  5 hobgoblins (D:1)
  A kobold (D:3)
  3 quokkas (D:1)
  A ball python (D:1)
  2 frilled lizards
  3 rats
41 creatures vanquished.

Notes
Turn   | Place    | Note
-------+----------+-------------------------------------------
     0 | D:1      | Dadbod the Formicid Fighter began the quest for the Orb.
     0 | D:1      | Reached XP level 1. HP: 18/18 MP: 1/1
   219 | D:1      | Reached XP level 2. HP: 24/24 MP: 2/2
   830 | D:2      | Reached XP level 3. HP: 27/29 MP: 3/3
   989 | D:2      | Found a faded altar of an unknown god.
  1067 | D:2      | Found Odiaxy's Antique Armour Boutique.
  1594 | D:3      | Reached XP level 4. HP: 37/37 MP: 4/4
  1653 | D:3      | Gained mutation: Your muscles are strong. (Str +4, Int/Dex
                  | -1) [potion of mutation]
  1653 | D:3      | Gained mutation: Your flesh is cold resistant. (rC+)
                  | [potion of mutation]
  1923 | D:3      | Reached XP level 5. HP: 32/42 MP: 5/5
  2234 | D:4      | Found Dynuq's Magic Scroll Boutique.
  2284 | D:4      | Found a runed translucent gate.
  2284 | D:4      | Found a runed translucent gate.
  2287 | D:4      | Found a runed translucent gate.
  2287 | D:4      | Noticed epsilonplus's ghost (amateur TeHu)
  2287 | D:4      | Noticed epsilonplus's ghost (amateur FeTm)
  2288 | D:4      | Noticed Taurus's ghost (amateur MiFi)
  2288 | D:4      | Noticed safid's ghost (amateur MfIE)
  2292 | D:4      | Noticed an ogre
  2302 | D:4      | Slain by an ogre

Illustrated notes

Levels and vault maps discovered:
D:1:      dpeg_arrival_radiant, layout_loops_ring
D:2:      layout_loops_cross, shapermc_ecumenical_altar_mp_highgroup,
          serial_shops, nicolae_shop_tiny_real_fake_doors, nrook_mini_vaults
D:3:      layout_rooms, minmay_fountain_box, kennysheep_nondescript
D:4:      minmay_octagon_keep, layout_loops_ring,
          mainiacjoe_overflow_surrounded_room, serial_shops, shop,
          nicolae_shop_mannequins, nicolae_shop_crystal,
          gammafunk_ghost_cemetery

Skill      XL: |  1  2  3  4  5 |
---------------+----------------+-----
Axes           | 3 4 |  4.0
Fighting       | 4 |  4.1
Armour         | |  3.9
Dodging        | |  0.2
Shields        | |  4.7

Action                     |  1- 3 |  4- 6 || total
---------------------------+-------+-------++-------
  Melee: War axe           |    72 |    67 ||   139
  Throw: Dart              |       |     2 ||     2
    Use: Scroll            |       |     5 ||     5
         Potion            |       |     2 ||     2
 Armour: Scale mail        |    24 |    31 ||    55
  Dodge: Dodged            |    24 |    22 ||    46
  Block: Buckler           |    16 |    21 ||    37
